 Dungeon Crawl Stone Soup version 0.29.1-15-g9cfb28693d (webtiles) character file.

Game seed: 13064172657710615191

152 Heoruswealwe the Magician (level 5, 0/28 HPs)
             Began as a Deep Elf Earth Elementalist on Mar 29, 2023.
             Slain by an orc
             ... wielding a +0 whip
              (3 damage)
             ... on level 4 of the Dungeon.
             The game lasted 00:25:08 (2092 turns).

Heoruswealwe the Magician (DEEE)                    Turns: 2092, Time: 00:25:09

Health: 0/28       AC:  3    Str:  5    XL:     5   Next: 11%
Magic:  2/14       EV: 12    Int: 22    God:
Gold:   171        SH:  5    Dex: 15    Spells: 4/14 levels left

rFire   . . .      SeeInvis .   f - +0 long sword
rCold   . . .      Faith    .   (no shield)
rNeg    . . .      Spirit   .   a - +0 robe
rPois   .          Reflect  +   k - +0 helmet
rElec   .          Harm     .   (no cloak)
rCorr   .          Rampage  .   (no gloves)
Will    .....                   (no boots)
Stlth   ++........              e - amulet of reflection
HPRegen 0.09/turn               (no ring)
MPRegen 0.14/turn               (no ring)

@: no status effects
A: no striking features
a: no special abilities


You were on level 4 of the Dungeon.
You visited 1 branch of the dungeon, and saw 4 of its levels.

You collected 171 gold pieces.

Inventory:

Hand Weapons
 f - a +0 long sword (weapon)
Armour
 a - a +0 robe (worn)
 k - a +0 helmet (worn)
Jewellery
 e - an amulet of reflection (around neck)
Wands
 o - a wand of iceblast (21)
Scrolls
 d - a scroll of fear
 i - a scroll of enchant armour
 l - 2 scrolls of teleportation {unknown}
 m - a scroll of immolation {unknown}
 n - a scroll of fog {unknown}
 p - a scroll of poison {unknown}
Potions
 b - a potion of magic
 c - 3 potions of haste
 g - 2 potions of brilliance
 h - a potion of might {unknown}
 j - a potion of curing {unknown}
 q - a potion of flight {unknown}


   Skills:
 - Level 2.4 Dodging
 - Level 2.4 Stealth
 * Level 5.1 Spellcasting
 + Level 2.5 Transmutations
 * Level 4.8 Earth Magic


You had 4 spell levels left.
You knew the following spells:

 Your Spells              Type           Power      Damage    Failure   Level
a - Sandblast             Erth           52%        2d12      1%          1
b - Stone Arrow           Conj/Erth      32%        3d9       11%         3
c - Petrify               Tmut/Erth      21%        N/A       22%         4
z - Passwall              Tmut/Erth      17%        N/A       3%          2

Your spell library contained the following spells:

 Spells                   Type           Power      Damage    Failure   Level
 Foxfire                  Conj/Fire      20%        2x1d5     10%         1
 Conjure Flame            Conj/Fire      5%         6-21      30%         3
 Inner Flame              Hex/Fire       5%         N/A       30%         3
 Flame Wave               Conj/Fire      5%         2d5       69%         4


Dungeon Overview and Level Annotations

Branches:
Dungeon (4/15)
 Temple: D:4-7

Altars:
Cheibriados
Makhleb


Message History

Casting: Sandblast (safe; 1% risk of failure)
Confirm with . or Enter, or press ? or * to list all spells.
Aiming: Sandblast (safe; 1% risk of failure)
Press: ? - help, Shift-Dir - straight line, f - orc
Aim: an orc, wielding a +0 whip and wearing a +0 chain mail (87% to hit)
The blast of sand hits the orc but does no damage.
The orc barely misses you. x2
Casting: Sandblast (safe; 1% risk of failure)
Confirm with . or Enter, or press ? or * to list all spells.
Aiming: Sandblast (safe; 1% risk of failure)
Press: ? - help, Shift-Dir - straight line, f/p - orc
Aim: an orc, wielding a +0 whip and wearing a +0 chain mail (87% to hit)
The blast of sand misses the orc.
The orc hits you with a +0 whip.
Casting: Sandblast (safe; 1% risk of failure)
Confirm with . or Enter, or press ? or * to list all spells.
Aiming: Sandblast (safe; 1% risk of failure)
Press: ? - help, Shift-Dir - straight line, f/p - orc
Aim: an orc, wielding a +0 whip and wearing a +0 chain mail (87% to hit)
The blast of sand hits the orc but does no damage.
You block the orc's attack. The orc hits you with a +0 whip.
* * * LOW HITPOINT WARNING * * *
Casting: Sandblast (safe; 1% risk of failure)
Confirm with . or Enter, or press ? or * to list all spells.
Aiming: Sandblast (safe; 1% risk of failure)
Press: ? - help, Shift-Dir - straight line, f/p - orc
Aim: an orc, wielding a +0 whip and wearing a +0 chain mail (87% to hit)
The blast of sand hits the orc but does no damage.
The orc hits you with a +0 whip.
* * * LOW HITPOINT WARNING * * *
Casting: Sandblast (safe; 1% risk of failure)
Confirm with . or Enter, or press ? or * to list all spells.
Aiming: Sandblast (safe; 1% risk of failure)
Press: ? - help, Shift-Dir - straight line, f/p - orc
Aim: an orc, wielding a +0 whip and wearing a +0 chain mail (87% to hit)
The blast of sand hits the orc.
The orc is moderately wounded.
The orc closely misses you.
The orc priest miscasts a cantrip.
The orc hits you with a +0 whip.
You die...

.o..... o...o.
..... o..# ...##..
##....... #........
#o#####.. ##@..##
#.....# #.....#
#....############+#
#....##.....##....#
#..................
#..................
##...##............
#######.....##....#


You could see an orc.

Vanquished Creatures
  2 orc wizards (D:4)
  3 gnolls (D:3)
  An adder (D:3)
  A worm (D:3)
  3 dart slugs
  2 orcs (D:4)
  7 ball pythons
  3 endoplasms
  3 giant cockroaches
  4 goblins
  8 hobgoblins
  2 quokkas (D:1)
  3 bats
  4 frilled lizards
  4 kobolds
  5 rats
55 creatures vanquished.

Notes
Turn   | Place    | Note
-------+----------+-------------------------------------------
     0 | D:1      | Heoruswealwe the Deep Elf Earth Elementalist began the
                  | quest for the Orb.
     0 | D:1      | Reached XP level 1. HP: 10/10 MP: 6/6
    83 | D:1      | Reached XP level 2. HP: 11/15 MP: 0/8
    86 | D:1      | Learned a level 2 spell: Passwall
   532 | D:1      | Reached XP level 3. HP: 19/19 MP: 8/10
   628 | D:1      | You fall into a shaft and drop 1 floor!
   633 | D:2      | Reached skill level 4 in Spellcasting
  1293 | D:3      | Found a snail-covered altar of Cheibriados.
  1310 | D:3      | Found a burning altar of Makhleb.
  1537 | D:3      | Reached XP level 4. HP: 24/24 MP: 10/12
  1968 | D:3      | Learned a level 3 spell: Stone Arrow
  1973 | D:3      | Learned a level 4 spell: Petrify
  1975 | D:3      | You fall into a shaft and drop 1 floor!
  2086 | D:4      | Reached skill level 5 in Spellcasting
  2086 | D:4      | Reached XP level 5. HP: 15/28 MP: 7/14
  2092 | D:4      | Slain by an orc

Illustrated notes

Levels and vault maps discovered:
D:1:      dpeg_arrival_lava_temple_mockup, layout_rooms
D:2:      layout_loops_ring
D:3:      layout_basic, mainiacjoe_overflow_big_doors
D:4:      minmay_spotlight, layout_gridville,
          nzn_overflow_gifts_of_might_and_magic, portal_sewer_entry_e,
          uniq_robin, uniq_grinder

Skill      XL: |  1  2  3  4 |
---------------+-------------+-----
Spellcasting   | 4 5 |  5.1
Earth Magic    | 4 |  4.8
Transmutations | 2 |  2.5
Dodging        | |  2.4
Stealth        | |  2.4

Action                   |  1- 3 |  4- 6 || total
-------------------------+-------+-------++-------
 Cast: Sandblast         |    51 |    29 ||    80
       Passwall          |     3 |       ||     3
  Use: Scroll            |     4 |       ||     4
Armor: Robe              |     6 |     1 ||     7
Dodge: Dodged            |    11 |     5 ||    16
Block: Other             |     2 |     1 ||     3
